 Dungeon Crawl Stone Soup version 0.21-a0-82-gdb84782 (webtiles) character file.

64 Rrauwl the Grave Robber (level 3, -1/24 HPs)
             Began as a Mummy Necromancer on June 24, 2017.
             Slain by a jackal (2 damage)
             ... on level 2 of the Dungeon.
             The game lasted 00:04:22 (1532 turns).

Rrauwl the Grave Robber (Mummy Necromancer)         Turns: 1532, Time: 00:04:23

Health: -1/24      AC:  0    Str: 14    XL:     3   Next: 91%
Magic:  8/8        EV: 12    Int: 15    God:
Gold:   128        SH:  0    Dex: 12    Spells: 8/9 levels left

rFire    x . .     SeeInvis .   d - +2 whip (venom)
rCold    + . .     Gourm    .   (no shield)
rNeg     + + +     Faith    .   (no armour)
rPois    ∞         Spirit   .   (no helmet)
rElec    .         Reflect  .   (no cloak)
rCorr    .         Harm     .   (no gloves)
MR       .....                  (no boots)
Stlth    ++........             (no amulet)
HPRegen  0.08/turn              e - +3 ring of strength
MPRegen  0.11/turn              (no ring)

@: no status effects
A: no food or potions, fire vulnerability, cold resistance 1, negative energy
resistance 3, torment resistance, unbreathing
a: no special abilities


You were on level 2 of the Dungeon.
You were not hungry.

You visited 1 branch of the dungeon, and saw 2 of its levels.

You collected 128 gold pieces.

Inventory:

Hand Weapons
 d - a +2 whip of venom (weapon)
Armour
 a - a +0 robe
Jewellery
 e - a +3 ring of strength (left hand)
Scrolls
 c - a scroll of identify {unknown}
Books
 b - a book of Necromancy

   Spells                             Type                      Level
   a - Pain                           Necromancy                   1
   b - Animate Skeleton               Necromancy                   1
   c - Vampiric Draining              Necromancy                   3
   d - Regeneration                   Charms/Necromancy            3
   e - Animate Dead                   Necromancy                   4
   f - Control Undead                 Necromancy                   4


   Skills:
 + Level 2.3 Dodging
 - Level 1.5 Stealth
 + Level 3.6 Spellcasting
 + Level 4.6 Necromancy


You had 8 spell levels left.
You knew the following spells:

 Your Spells              Type           Power        Failure   Level  Hunger
a - Pain                  Necr           ###.         2%          1    N/A

Dungeon Overview and Level Annotations

Branches:
Dungeon (2/15)

Altars:


Innate Abilities, Weirdness & Mutations

You do not eat or drink.
Your flesh is vulnerable to fire.
You are immune to poison.
Your flesh is cold resistant. (rC+)
You are immune to negative energy. (rN+++)
You are immune to unholy pain and torment.
You can survive without breathing.


Message History

You see here 21 stones.
You are too injured to fight recklessly!
You are too injured to fight recklessly!
You are too injured to fight recklessly!
You hit the jackal but do no damage.
The jackal is poisoned.
The jackal bites you.
* * * LOW HITPOINT WARNING * * *
The jackal barely misses you.
You barely miss the jackal. The jackal bites you.
* * * LOW HITPOINT WARNING * * *
The jackal bites you.
* * * LOW HITPOINT WARNING * * *
You hit the jackal.
You kill the jackal!
You hit the jackal.
The jackal is poisoned.
The jackal is heavily wounded.
The jackal bites you.
* * * LOW HITPOINT WARNING * * *
The jackal bites you.
You die...

.....########### #..........##.
...?...........#####.......######
................(..........# #
....................†......#####
................g..........)...#
...............#h####......###.#
.....###########h# #......# #.#
...%.# #h# ######## #.# .....#
#@# #.# ...$.# #.# #.# ....r# ..#
#.## ..... #### #.#. #.#. #.#.
#.#. #.#. #.#.


You could see 3 jackals and a goblin.

Vanquished Creatures
  3 gnolls (D:2)
  A leopard gecko (D:2)
  2 giant cockroaches (D:1)
  4 goblins
  6 hobgoblins
  A jackal (D:2)
  3 kobolds
  7 bats
  4 frilled lizards (D:1)
  3 rats
34 creatures vanquished.

Notes
Turn   | Place    | Note
-------+----------+-------------------------------------------
     0 | D:1      | Rrauwl the Mummy Necromancer began the quest for the Orb.
     0 | D:1      | Reached XP level 1. HP: 13/13 MP: 4/4
   303 | D:1      | Reached XP level 2. HP: 7/19 MP: 6/6
  1092 | D:2      | Reached XP level 3. HP: 24/24 MP: 2/7
  1532 | D:2      | HP: 1/24 [jackal (1)]
  1532 | D:2      | Slain by a jackal

Vault maps used:
D:1:      saegor_arrival_simple_d, minmay_pentomino_v2
D:2:      first_bread

Skill      XL: |  1  2 |
---------------+-------+-----
Spellcasting   | 3 |  3.6
Dodging        | 2 |  2.3
Stealth        | |  1.5
Necromancy     | |  4.6

Action                   || total
-------------------------++-------
Melee: Unarmed           ||   126
       Short sword       ||    23
       Whip              ||    23
 Cast: Pain              ||    14
  Use: Scroll            ||     1
Armor: Chain mail        ||   103
       Robe              ||    12
Dodge: Dodged            ||    72
